 Dungeon Crawl Stone Soup version 0.26-a0-712-ga5a9c9c9d0 (webtiles) character file.

Game seed: 273860157935388092

108 Lanoc the Skirmisher (level 5, -17/49 HPs)
             Began as a Kobold Abyssal Knight on Nov 4, 2020.
             Was a Follower of Lugonu.
             Demolished by an ogre
             ... wielding a +0 giant spiked club
              (22 damage)
             ... on level 4 of the Dungeon.
             The game lasted 00:02:31 (2749 turns).

Lanoc the Skirmisher (Kobold Abyssal Knight)        Turns: 2749, Time: 00:02:32

Health: -17/49     AC: 22    Str: 10    XL:     5   Next: 12%
Magic:  7/7        EV:  3    Int: 13    God:    Lugonu [*.....]
Gold:   196        SH:  0    Dex: 15    Spells: 4/4 levels left

rFire    + . .     SeeInvis .   a - +1 spear
rCold    + . .     Faith    .   (shield restricted)
rNeg     + + +     Spirit   .   (armour currently unavailable)
rPois    +         Reflect  .   (helmet currently unavailable)
rElec    +         Harm     .   (cloak currently unavailable)
rCorr    +         Rampage  .   (gloves currently unavailable)
MR       .....     NoTele   +   (boots currently unavailable)
Stlth    ++........             (no amulet)
HPRegen  0.16/turn              (no ring)
MPRegen  0.10/turn              (no ring)

@: brilliant, tree-form, resistant, hasted, very quick
A: small, nightstalker 3
a: Depart the Abyss, Renounce Religion


You were on level 4 of the Dungeon.
You worshipped Lugonu.
Lugonu was aware of your devotion.
You were a tree.
You visited 1 branch of the dungeon, and saw 4 of its levels.
You visited the Abyss 1 time.

You collected 196 gold pieces.

Inventory:

Hand Weapons
 a - a +1 spear (weapon)
Armour
 b - a +0 leather armour (melded)
Scrolls
 g - a scroll of remove curse
 l - a scroll of immolation
Potions
 d - a potion of resistance
 m - a potion of haste


   Skills:
 + Level 3.9 Fighting
 + Level 2.2 Polearms
 + Level 1.7 Armour
 + Level 3.3 Dodging
 + Level 2.9 Invocations


You had 4 spell levels left.
You didn't know any spells.
Your spell library contained the following spells:

 Spells                   Type           Power        Failure   Level
 Magic Dart               Conj           #...         30%         1
 Blink                    Tloc           N/A          43%         2
 Call Imp                 Summ           #.......     43%         2
 Slow                     Hex            #.......     43%         2
 Conjure Flame            Conj/Fire      #.......     67%         3
 Mephitic Cloud           Conj/Pois/Air  #.......     67%         3


Dungeon Overview and Level Annotations

Branches:
Dungeon (4/15)
 Temple: D:4-7

Altars:
Dithmenos
Kikubaaqudgha
Ru


Innate Abilities, Weirdness & Mutations

You are small and have problems with some larger weapons.
You are completely attuned to the shadows.


Message History

As you read the scroll labeled IPU VARGHODGH, it crumbles to dust.
It is a scroll of identify.
l - a scroll of immolation You hit the ogre.
The ogre is lightly wounded.
The ogre hits you with a +0 giant spiked club.
* * * LOW HITPOINT WARNING * * *
As you read the scroll labeled WYDITO CEAM, it crumbles to dust.
You feel aware of your surroundings.
It was a scroll of magic mapping.
As you read the scroll labeled XUDITY MELEOD, it crumbles to dust.
You feel blessed for a moment.
It was a scroll of remove curse.
The ogre hits you but does no damage.
As you read the scroll labeled FITUNOMEHO, it crumbles to dust.
You assume a fearsome visage.
The ogre looks frightened!
It was a scroll of fear.
You hit the ogre but do no damage.
Your attack snaps the ogre out of its fear.
The ogre is lightly wounded.
The ogre hits you with a +0 giant spiked club!!
You die...

#.......# ******,*
#.......###### *,,,,*,****
#............# *,**,,,,,,,
#............# ****,**,******
#............# *,,,,,,,* *
#............# *,,,,,,,******
#.......###### *,,,,,,,,,,,,*
#.......# ### *,,,,,,,****,*
........# #♣# *******,* *,*
........# #O# *,* *,* ........#
###.# ******,, .####..#####
#.#.# *,,,,,,, .#
#.>....###.#.# *,****** ##
##...........# *,*
####*#.###.#...#.#********,****
....*#.# #.###.#.#*,,,,,,,,,,,*
###.*#.* #.....#..,,,,,,,,,,*,*


You could see an ogre.

Vanquished Creatures
  A worker ant (D:4)
  4 adders
  A white imp (D:4)
  An ooze (D:3)
  An adder skeleton (D:4)
  2 dart slugs (D:3)
  A leopard gecko (D:3)
  An orc (D:3)
  2 giant cockroaches
  4 goblins
  2 hobgoblins (D:1)
  2 jackals (D:3)
  5 kobolds
  A bat (D:3)
  6 frilled lizards
  2 rats (D:3)
36 creatures vanquished.

Notes
Turn   | Place    | Note
-------+----------+-------------------------------------------
     0 | Abyss:1  | Lanoc the Kobold Abyssal Knight began the quest for the
                  | Orb.
     0 | Abyss:1  | Reached XP level 1. HP: 14/14 MP: 2/2
   101 | Abyss:1  | Noticed an ancient zyme
   113 | Abyss:1  | Noticed a tormentor
   117 | Abyss:1  | Noticed a large abomination
   123 | Abyss:1  | Noticed a small abomination
   126 | D:1      | Escaped the Abyss
   240 | D:1      | Reached XP level 2. HP: 13/19 MP: 3/3
   343 | D:1      | Reached * piety under Lugonu
   343 | D:1      | Reached skill level 1 in Armour
   631 | D:3      | Reached XP level 3. HP: 23/23 MP: 4/4
   681 | D:3      | Found an ancient bone altar of Kikubaaqudgha.
   681 | D:3      | Found a sacrificial altar of Ru.
  1360 | D:3      | Found a shadowy altar of Dithmenos.
  1388 | D:3      | Reached XP level 4. HP: 24/29 MP: 5/5
  2564 | D:4      | Reached XP level 5. HP: 17/33 MP: 7/7
  2727 | D:4      | Noticed an ogre
  2749 | D:4      | Demolished by an ogre

Illustrated notes

Levels and vault maps discovered:
D:1:      matt_arrival_grand_opening, layout_rooms
D:2:      layout_loops_cross
D:3:      layout_loops_ring, overflow_temple_1_default,
          grunt_temple_overflow_open
D:4:      layout_basic, minmay_fire_ice_demons

Skill      XL: |  1  2  3 |
---------------+----------+-----
Armour         | 1 |  1.7
Polearms       | 2 |  2.2
Dodging        | 3 |  3.3
Fighting       | |  3.9
Invocations    | |  2.9

Action                   |  1- 3 |  4- 6 || total
-------------------------+-------+-------++-------
Melee: Spear             |    99 |    57 ||   156
Invok: Depart the Abyss  |     1 |       ||     1
  Use: Potion            |       |     6 ||     6
       Scroll            |       |     5 ||     5
 Stab: Sleeping          |     7 |     2 ||     9
Armor: Leather armour    |    10 |     4 ||    14
       Skin              |       |     3 ||     3
Dodge: Dodged            |    60 |    36 ||    96

Table legend: (Time is in decaauts)
 A = Elapsed time spent in this place.
 B = Non-inter-level travel time spent in this place.
 C = Inter-level travel time spent in this place.
 D = Time resting spent in this place.
 E = Time spent auto-exploring this place.
 F = Levels seen in this place.
 G = Mean time per level.
                   A        B        C        D        E       F      G
               +--------+--------+--------+--------+--------+-----+--------+
         Total |   2747 |   2710 |     37 |      0 |   2417 |   5 |  549.4 |
       Dungeon |   2621 |   2584 |     37 |      0 |   2317 |   4 |  655.2 |
         Abyss |    126 |    126 |      0 |      0 |    100 |   1 |  126.0 |
               +--------+--------+--------+--------+--------+-----+--------+

Top non-repeatable levels by time:
     D:3: 1315 daAuts
     D:4: 1044 daAuts
     D:1: 255 daAuts
 Abyss:1: 126 daAuts
     D:2: 6 daAuts
